 Dungeon Crawl Stone Soup version 0.31-a0-806-g0bc164a743 (console) character file.

Game seed: 11071590812993324159

258 capslocke the Chopper (level 5, -6/39 HPs)
             Began as a Demonspawn Gladiator on Sept 21, 2023.
             Killed by divine providence
             ... invoked by an orc priest
              (13 damage)
             ... on level 4 of the Dungeon.
             The game lasted 00:09:10 (2764 turns).

capslocke the Chopper (Demonspawn Gladiator)        Turns: 2764, Time: 00:09:10

Health: -6/39      AC: 11    Str: 17    XL:     5   Next: 94%
Magic:  5/5        EV: 13    Int:  9    God:
Gold:   169        SH:  0    Dex: 14    Spells: 4/4 levels left

rFire   . . .        a - +0 war axe
rCold   . . .        (no shield)
rNeg    . . .        j - +0 chain mail
rPois   .            c - +0 helmet
rElec   .            (no cloak)
rCorr   .            (no gloves)
SInv    .            (no boots)
Will    .....        (no amulet) Stlth
                     B - +5 ring of evasion
HPRegen 0.26/turn    (no ring)
MPRegen 0.09/turn

%: no passive effects
@: no status effects
A: yellow scales 1, ignite blood 1, demonic touch 1
a: no special abilities


You were on level 4 of the Dungeon.
You visited 1 branch of the dungeon, and saw 4 of its levels.

You collected 262 gold pieces.
You spent 93 gold pieces at shops.

Inventory:

Hand Weapons
 a - a +0 war axe (weapon)
Missiles
 d - 3 throwing nets
 e - 6 javelins
 C - 4 poisoned darts
Armour
 b - a +0 leather armour
 c - a +0 helmet (worn)
 j - a +0 chain mail (worn)
 r - a +0 tower shield of poison resistance
Jewellery
 n - a ring of wizardry
 A - a ring of wizardry
 B - a +5 ring of evasion (left hand)
Wands
 p - a wand of light (1)
Scrolls
 f - a scroll of fear {unknown}
 i - 2 scrolls of enchant armour {unknown}
 k - 9 scrolls of identify {unknown}
 l - a scroll of enchant weapon {unknown}
 o - a scroll of fog {unknown}
 s - a scroll of amnesia {unknown}
 u - a scroll of vulnerability {unknown}
 v - 2 scrolls of teleportation {unknown}
 x - a scroll of noise {unknown}
 y - a scroll of summoning {unknown}
Potions
 g - 2 potions of might {unknown}
 h - 2 potions of lignification {unknown}
 m - a potion of mutation {unknown}
 q - a potion of attraction {unknown}
 t - a potion of brilliance {unknown}
 w - a potion of curing {unknown}
 z - a potion of magic {unknown}


   Skills:
 + Level 2.5 Fighting
 + Level 4.5 Axes
 + Level 2.5 Throwing
 + Level 1.6 Armour
 + Level 3.6 Dodging


You had 4 spell levels left.
You didn't know any spells.
Your spell library was empty.

Dungeon Overview and Level Annotations

Branches:
Dungeon (4/15)
 Temple: D:4-7

Altars:

Shops:
D:2 [![


Innate Abilities, Weirdness & Mutations

You are partially covered in yellow scales. (AC +2)
Your demonic aura sometimes causes spilled blood to erupt in flames.
Your touch may inflict minor irresistible damage on your foes.


Message History

You barely miss the orc priest. You barely miss the adder. You hit the orc.
You hear the slow rusting of a drain nearby.
The adder bites you but does no damage. The orc hits you but does no damage.
The orc priest calls upon Beogh to heal the orc.
The orc's wounds heal themselves!
The adder bites you.
* * * LOW HITPOINT WARNING * * *
The orc barely misses you.
The orc priest hits you with a +0 hand axe.
* * * LOW HITPOINT WARNING * * *
You hear a shout! x2
You hit the orc priest.
The orc priest is lightly wounded.
You hit the adder but do no damage. You hit the orc.
The adder barely misses you. The orc hits you with a +0 mace.
* * * LOW HITPOINT WARNING * * *
The orc priest closely misses you. The adder misses you.
You closely miss the adder. The adder barely misses you.
A kobold comes into view. It is wielding a +0 dagger.
The adder misses you.
You hit the adder but do no damage. Your touch misses the adder.
The adder bites you but does no damage.
You closely miss the adder. The adder closely misses you.
An orc comes into view. It is wielding a +0 club.
An orc comes into view. It is wielding a +0 falchion.
The orc priest looks braver for a moment.
The adder closely misses you.
The orc priest begins to cast a cantrip, but forgets the words!
The orc moves out of view. x2
You slash the adder!
You kill the adder!
The kobold is engulfed in blazing flames.
You kill the kobold!
You slash the orc!
You kill the orc!
You hit the orc.
You touch the orc.
You kill the orc!
You barely miss the orc priest.
The orc priest is lightly wounded.
The orc priest misses you.
The orc priest mumbles some strange prayers to Beogh against you.
Beogh smites you!
You die... ##...... #........... #...#.. ... #...... .oo

.....# .. #...# S#
#..##.######
#.@#).......
#o##.....# ...
##))....## ... ..
#..o.....# ##.## ..
##o......###...# ..
##.......##..###..
#.....#...#..##...
###...###....#.....#
###...### ##...#......
#.......###...........
###..........##.##....


You could see an orc priest.

Vanquished Creatures
  2 orc priests (D:4)
  2 iguanas (D:4)
  3 adders
  A shadow imp (D:4)
  4 worms
  2 dart slugs
  6 orcs
  6 ball pythons
  7 endoplasms
  4 giant cockroaches
  7 goblins
  8 hobgoblins
  3 jackals (D:1)
  7 quokkas
  7 bats
  5 frilled lizards
  6 kobolds
  9 rats
89 creatures vanquished.

Notes
Turn   | Place    | Note
-------+----------+-------------------------------------------
     0 | D:1      | capslocke the Demonspawn Gladiator began the quest for the
                  | Orb.
     0 | D:1      | Reached XP level 1. HP: 16/16 MP: 1/1
    56 | D:1      | Gained mutation: You are partially covered in yellow
                  | scales. (AC +2) [demonic ancestry]
    56 | D:1      | Reached XP level 2. HP: 22/22 MP: 2/2
   270 | D:1      | Reached skill level 3 in Axes
   570 | D:1      | Reached XP level 3. HP: 27/27 MP: 3/3
   759 | D:2      | Found Ukhu Ara's Antique Armour Boutique.
  1039 | D:2      | Found Ranon's Distillery.
  1251 | D:2      | Reached skill level 1 in Armour
  1472 | D:2      | Found Jisaw's Armour Shoppe.
  1484 | D:2      | Bought a +0 tower shield of poison resistance for 93 gold
                  | pieces
  1584 | D:2      | Gained mutation: Your touch may inflict minor irresistible
                  | damage on your foes. [demonic ancestry]
  1584 | D:2      | Reached XP level 4. HP: 33/33 MP: 4/4
  2639 | D:4      | Reached skill level 4 in Axes
  2639 | D:4      | Gained mutation: Your demonic aura sometimes causes spilled
                  | blood to erupt in flames. [demonic ancestry]
  2639 | D:4      | Reached XP level 5. HP: 39/39 MP: 5/5
  2764 | D:4      | Killed from afar by an orc priest

Illustrated notes

Levels and vault maps discovered:
D:1:      amcnicky_arrival_single_pillar, layout_basic
D:2:      minmay_razor_zed, layout_loops_corners, serial_shops,
          nicolae_shop_industrial_runoff, nicolae_shop_dealshenge,
          nicolae_shop_competitors_out_of_business, minmay_pentomino_pile
D:3:      minmay_chambers_of_threes, layout_basic, grunt_decor_junction,
          grunt_decor_resistance, minmay_misc_feat_cross
D:4:      layout_cave_pools, nicolae_overflow_hidden_temple,
          portal_sewer_entry_a

Skill      XL: |  1  2  3  4 |
---------------+-------------+-----
Dodging        | 3 |  3.6
Axes           | 3 4 |  4.5
Throwing       | 2 |  2.5
Armour         | 1 |  1.6
Fighting       | |  2.5

Action                     |  1- 3 |  4- 6 || total
---------------------------+-------+-------++-------
  Melee: War axe           |   120 |    77 ||   197
         Punch             |     1 |       ||     1
         Touch             |       |    11 ||    11
  Throw: Boomerang         |    19 |       ||    19
  Evoke: Wand              |       |     1 ||     1
 Armour: Leather armour    |    25 |       ||    25
         Chain mail        |    57 |    65 ||   122
  Dodge: Dodged            |    59 |    53 ||   112
  Block: Tower shield      |     3 |       ||     3

Table legend: (Time is in decaauts)
 A = Elapsed time spent in this place.
 B = Non-inter-level travel time spent in this place.
 C = Inter-level travel time spent in this place.
 D = Time resting spent in this place.
 E = Time spent auto-exploring this place.
 F = Levels seen in this place.
 G = Mean time per level.
                   A        B        C        D        E       F      G
               +--------+--------+--------+--------+--------+-----+--------+
         Total |   2834 |   2755 |     79 |     49 |   2127 |   4 |  708.5 |
       Dungeon |   2834 |   2755 |     79 |     49 |   2127 |   4 |  708.5 |
               +--------+--------+--------+--------+--------+-----+--------+

Top non-repeatable levels by time:
     D:2: 1132 daAuts
     D:1: 780 daAuts
     D:3: 756 daAuts
     D:4: 164 daAuts
